AoeStats
← 8

Arena

509642853Analyzed
3v3 RM · 6d ago on Sep 27, 2026· 25m 58s· 6 players
Game mode
Random Map
Map size
Normal (6 player)
Population
200
Speed
Normal
Resources
Standard
Victory
Conquest
Starting age
Dark Age
Ending age
Imperial Age
RankedLock teamsTeams togetherTeam positionsShared explorationLock speedFull tech treeHidden civsTurbo modeCheats
Victory
Defeat
🇺🇸 Khmer · United States
1204
+14
🇺🇸 Dravidians · United States
1131
+17
🇮🇳 Bohemians · India
1127
+17
🇭🇰 Franks · Hong Kong SAR China
1196
-17
🇦🇷 Mapuche · Argentina
1159
-16
🇨🇴 Bohemians · Colombia
1129
-15
Ra
9:38 Feudal Age
12:23 Castle Age
11:10 Double-Bit Axe
13:27 Horse Collar
14:54 Loom
15:25 Bloodlines
19:21 Scale Barding Armor
22:59 Chain Barding Armor
24:17 Wheelbarrow
26:15 Forging
dipsh*t
9:37 Feudal Age
14:38 Castle Age
13:09 Double-Bit Axe
14:47 Horse Collar
18:24 Fortified Wall
19:15 Chemistry
21:03 Bow Saw
21:38 Loom
8
10:23 Feudal Age
14:38 Castle Age
12:50 Double-Bit Axe
16:05 Fletching
17:01 Crossbowman
21:51 Bodkin Arrow
hdperezn
2:10 Loom
2:35 Loom
7:27 Loom
11:00 Feudal Age
15:25 Castle Age
13:33 Double-Bit Axe
14:34 Horse Collar
Sacchetti
9:08 Loom
11:42 Feudal Age
13:05 Double-Bit Axe
13:01 Horse Collar
16:07 Castle Age
17:59 Wheelbarrow
18:43 Town Watch
22:18 Bow Saw
22:11 Heavy Plow
24:05 Gold Mining
28:08 Imperial Age
25:38 Fletching
25:48 Padded Archer Armor
paultse
10:16 Feudal Age
8:31 Loom
14:14 Castle Age
12:23 Double-Bit Axe
20:03 Scale Barding Armor
22:44 Forging
22:57 Chain Barding Armor
23:14 Wheelbarrow
22:25 Town Watch
24:38 Forging
Connection lost

Rejoining the realm…

Still unreachable

The connection could not be restored.

Session expired

The server has moved on; the page needs a fresh start.